 Dungeon Crawl Stone Soup version 0.27-a0-1597-ge58577e147 (webtiles) character file.

Game seed: 3889863339998551996

1164 Mitsuki the Skirmisher (level 8, -2/62 (71) HPs)
             Began as a Minotaur Fighter on July 21, 2021.
             Slain by a wight (5 damage)
             ... on level 6 of the Dungeon.
             The game lasted 00:11:37 (4812 turns).

Mitsuki the Skirmisher (Minotaur Fighter)           Turns: 4812, Time: 00:11:38

HP:   -2/62 (71)    AC: 14    Str: 22    XL:     8   Next: 17%
MP:   7/7           EV:  5    Int:  5    God:
Gold: 195           SH: 10    Dex: 11    Spells: 7/7 levels left

rFire    . . .     SeeInvis .   a - +0 long sword
rCold    . . .     Faith    .   c - +0 kite shield
rNeg     . . .     Spirit   .   f - +1 plate armour
rPois    .         Reflect  .   (helmet restricted)
rElec    .         Harm     .   (no cloak)
rCorr    .         Rampage  .   (no gloves)
Will     .....                  (no boots)
Stlth    ..........             (no amulet)
HPRegen  0.20/turn              (no ring)
MPRegen  0.10/turn              (no ring)

@: brilliant, attractive, flying, heavily drained
A: horns 2, retaliatory headbutt
a: no special abilities


You were on level 6 of the Dungeon.
You visited 1 branch of the dungeon, and saw 7 of its levels.

You collected 195 gold pieces.

Inventory:

Hand Weapons
 a - a +0 long sword (weapon)
Missiles
 b - 5 atropa-tipped darts (quivered)
Armour
 c - a +0 kite shield (worn)
 f - a +1 plate armour (worn)
Scrolls
 e - 3 scrolls of teleportation {unknown}
 k - 8 scrolls of identify {unknown}
Potions
 d - 2 potions of might
 p - 2 potions of invisibility


   Skills:
 + Level 6.9 Fighting
 + Level 6.2 Long Blades
 + Level 6.8 Armour
 + Level 6.8 Shields


You had 7 spell levels left.
You didn't know any spells.
Your spell library was empty.

Dungeon Overview and Level Annotations

Branches:
Dungeon (7/15)
 Temple: D:4-7

Altars:


Innate Abilities, Weirdness & Mutations

You have a pair of horns on your head.
You reflexively headbutt those who attack you in melee.


Message History

You block the ufetubus's attack. x2
The ufetubus hits you.
* * * LOW HITPOINT WARNING * * *
You block the ufetubus's attack.
You take 1 damage, and have 3/62 hp.
You block the ufetubus's attack. x2
It was a potion of magic.
Magic courses through your body. You block the ufetubus's attack.
The ufetubus hits you but does no damage.
It was a potion of attraction.
You feel attractive to monsters. The ufetubus hits you.
* * * LOW HITPOINT WARNING * * *
You block the ufetubus's attack. The ufetubus barely misses you.
You block the ufetubus's attack.
You take 2 damage, and have 2/62 hp.
It was a potion of flight.
You feel very buoyant.
You fly up into the air.
The ufetubus hits you but does no damage.
The ufetubus barely misses you.
It was a potion of brilliance.
You feel clever all of a sudden. You block the ufetubus's attack.
The ufetubus hits you but does no damage.
The ufetubus completely misses you. You furiously retaliate!
You headbutt the ufetubus!
You kill the ufetubus!
The wight is pulled toward you!
Okay, then.
Okay, then.
Okay, then.
You hit the wight.
The wight is moderately damaged.
You block the wight's attack.
You hit the wight but do no damage.
You headbutt the wight, but do no damage.
The wight is moderately damaged.
The wight hits you with a +3 battleaxe.
You die...

#...............$..
#..................
#..................
#...........:......
#........#...###...
#........#.### #.##
##...........# #.#.
#z##.........##...
#@##.....##..####.
#.##..............
#.##....##.#...###
#..>.......###.#
####....## # .#
#....


You could see a wight.

Vanquished Creatures
  A black bear (D:4)
  A necrophage (D:5)
  2 ogres
  A water moccasin zombie (D:6)
  5 wights
  A centaur zombie (D:7)
  5 hounds
  A centaur skeleton (D:4)
  An orc priest (D:3)
  2 jellies (D:3)
  3 iguanas
  2 hound skeletons
  A gnoll (D:3)
  5 adders
  An ufetubus (D:6)
  2 worms
  A dart slug (D:1)
  4 orcs
  7 ball pythons
  3 bats
  19 endoplasms
  4 giant cockroaches
  4 goblins
  7 hobgoblins
  4 jackals
  6 quokkas
  4 frilled lizards
  16 kobolds
  8 rats
121 creatures vanquished.

Vanquished Creatures (collateral kills)
  A kobold (D:4)
  A ball python (D:4)
2 creatures vanquished.

Vanquished Creatures (others)
  5 fungi (D:3)
  8 toadstools (D:3)
13 creatures vanquished.

Grand Total: 136 creatures vanquished

Notes
Turn   | Place    | Note
-------+----------+-------------------------------------------
     0 | D:1      | Mitsuki the Minotaur Fighter began the quest for the Orb.
     0 | D:1      | Reached XP level 1. HP: 19/19 MP: 0/0
   173 | D:1      | Reached XP level 2. HP: 27/27 MP: 1/1
   751 | D:1      | Reached XP level 3. HP: 31/33 MP: 2/2
  1327 | D:2      | Found a faded altar of an unknown god.
  1758 | D:3      | Reached XP level 4. HP: 22/41 MP: 3/3
  2042 | D:3      | Reached XP level 5. HP: 35/47 MP: 4/4
  2618 | D:3      | Reached skill level 5 in Fighting
  2618 | D:3      | Reached skill level 5 in Armour
  2618 | D:3      | Reached skill level 5 in Shields
  3001 | D:3      | Reached XP level 6. HP: 28/56 MP: 5/5
  3514 | D:4      | Reached XP level 7. HP: 57/62 MP: 6/6
  3519 | D:4      | You fall into a shaft and drop 3 floors!
  3532 | D:7      | Reached skill level 5 in Long Blades
  3606 | D:5      | Entered Level 5 of the Dungeon
  4741 | D:5      | Reached XP level 8. HP: 67/71 MP: 7/7
  4764 | D:5      | You fall into a shaft and drop 2 floors!
  4779 | D:7      | HP: 1/62 [wight (4)]
  4792 | D:6      | HP: 2/62 [ufetubus (2)]
  4804 | D:6      | HP: 3/62 [ufetubus (1)]
  4812 | D:6      | Slain by a wight

Illustrated notes

Levels and vault maps discovered:
D:1:      lemuel_arrival_rhombus, layout_loops_corners, st_stairs_10,
          skrybe_limestone_x, amcnicky_mini_corridor_feature, minmay_bisected
D:2:      layout_basic, shapermc_ecumenical_altar_mp_highgroup,
          kennysheep_generic_room_4
D:3:      cheibrodos_fertilizer, layout_basic, amcnicky_mini_pool_small,
          chequers_serial_rivers_room_b, minmay_misc_feat_more_columns,
          chequers_serial_rivers_micro_b, cheibrodos_gnoll_hut
D:4:      layout_rooms, gup_sewer_entry_spiral
D:5:      layout_loops_corners
D:6:      cheibrodos_steamvent, layout_basic, minmay_temple_entry_fiery,
          ebering_ghost_inner_flame, supply_closet_lemuel, minmay_manual_mullet
D:7:      layout_cave_pools, lemuel_mausoleum_altar_kikubaaqudgha

Skill      XL: |  1  2  3  4  5  6  7 |
---------------+----------------------+-----
Shields        | 4 5 6 |  6.8
Armour         | 4 5 6 |  6.8
Fighting       | 4 5 6 |  6.9
Long Blades    | 3 4 6 |  6.2

Action                   |  1- 3 |  4- 6 |  7- 9 || total
-------------------------+-------+-------+-------++-------
Melee: Long sword        |   101 |   133 |   115 ||   349
       Headbutt          |    13 |    22 |    22 ||    57
  Use: Potion            |       |     1 |     5 ||     6
       Scroll            |       |     5 |       ||     5
Armor: Plate armour      |    67 |    97 |    64 ||   228
       Scale mail        |     5 |       |       ||     5
Dodge: Dodged            |    20 |    27 |    34 ||    81
Block: Kite shield       |    64 |    88 |    79 ||   231
       Rpst.: Long sword |     5 |     4 |     9 ||    18

Table legend: (Time is in decaauts)
 A = Elapsed time spent in this place.
 B = Non-inter-level travel time spent in this place.
 C = Inter-level travel time spent in this place.
 D = Time resting spent in this place.
 E = Time spent auto-exploring this place.
 F = Levels seen in this place.
 G = Mean time per level.
                   A        B        C        D        E       F      G
               +--------+--------+--------+--------+--------+-----+--------+
         Total |   4987 |   4885 |    102 |    618 |   3049 |   7 |  712.4 |
       Dungeon |   4987 |   4885 |    102 |    618 |   3049 |   7 |  712.4 |
               +--------+--------+--------+--------+--------+-----+--------+

Top non-repeatable levels by time:
     D:3: 1767 daAuts
     D:1: 1112 daAuts
     D:4: 902 daAuts
     D:2: 657 daAuts
     D:5: 401 daAuts
     D:7: 80 daAuts
     D:6: 65 daAuts
